[Event "*** Titled Tuesday Blitz AM"]
[Site "Chess.com"]
[Date "2020.01.07"]
[Round "3"]
[White "Butterfly"]
[Black "nouma78"]
[Result "0-1"]
[WhiteElo "2260"]
[BlackElo "2523"]
[TimeControl "180+2"]
[EndTime "9:36:42 PST"]
[Termination "nouma78 won by resignation"]

1. Nf3 d6 2. d4 Nf6 3. Nc3 Nbd7 4. e4 e5 5. Bc4 Be7 6. O-O O-O 7. a4 c6 8. Qe2 exd4 9. Nxd4 Ne5 10. Ba2 c5 11. Nf5 Bxf5 12. exf5 Qd7 13. Nd5 Rfe8 14. Ne3 Nc6 15.
c3 d5 16. Rd1 d4 17. cxd4 Nxd4 18. Qc4 Bd6 19. Bd2 Rad8 20. Bc3 Re4 21. Qd3 Rh4 22.
h3 Be5 23. Qf1 Qc7 24. Nc4 Bh2+ 25. Kh1 Ng4 26. Bxd4 cxd4 27. Rac1 Qf4 28. Ne3 Nxf2+ 29. Qxf2 Qxf2 30. Ng4 Rxg4 31. hxg4 Bf4 32. Rc4 Qh4+ 33.
Kg1 Be3+ 0-1

[Event "*** Titled Tuesday Blitz AM"]
[Site "Chess.com"]
[Date "2020.01.07"]
[Round "3"]
[White "julinha97"]
[Black "yy2324"]
[Result "0-1"]
[WhiteElo "2219"]
[BlackElo "2586"]
[TimeControl "180+2"]
[EndTime "9:36:43 PST"]
[Termination "yy2324 won on time"]

1. e4 c5 2. Nf3 e6 3. d4 cxd4 4.
Nxd4 Nc6 5. Nc3 Qc7 6. Be3 a6 7. Qf3 Nf6 8. O-O-O Ne5 9. Qg3 b5 10. f4 Neg4 11. Bg1 h5 12. e5 b4 13. Na4 Nd5 14.
h3 Nh6 15. Nb3 Nf5 16. Qf2 Nfe3 17. Rd3 Nxf1 18. Qxf1 Bb7 19. Nac5 Bc6 20. Ne4 Bb5 21. Bc5 Bxd3 22. Qxd3 Bxc5 23. Nbxc5 O-O 24. Rf1 f5 25. exf6 Nxf6 26. Nxf6+ Rxf6 27. Nxd7 Rxf4 28. Rd1 Rc8 29. Qd2 Rd4 30. Qe2 Rxd7 31. Qxe6+ Kh8 0-1

[Event "*** Titled Tuesday Blitz AM"]
[Site "Chess.com"]
[Date "2020.01.07"]
[Round "3"]
[White "HarryCun"]
[Black "karinachess1"]
[Result "0-1"]
[WhiteElo "2053"]
[BlackElo "2473"]
[TimeControl "180+2"]
[EndTime "9:36:47 PST"]
[Termination "karinachess1 won on time"]

1. d4 d6 2. c4 e5 3. dxe5 dxe5 4. Qxd8+ Kxd8 5. Nc3 Be6 6. e4 c6 7. Nf3 f6 8. Be3 Nd7 9. Rd1 Kc7 10. Be2 a5 11.
O-O g5 12. Na4 Nh6 13. h3 Nf7 14. Rd2 h5 15. Rfd1 Rd8 16. c5 Be7 17. Kh2 Rhg8 18.
b3 f5 19. exf5 Bxf5 20. Ne1 g4 21. Nd3 Bg5 22. Bxg5 Nxg5 23. Ndb2 Ne4 24. Rxd7+ Rxd7 25. Rxd7+ Bxd7 26. Nc4 Nxf2 27. Nxe5 g3+ 28. Kg1 Be6 29. Nb6 Rd8 30. Bxh5 Rd2 31. Bf3 Rxa2 0-1

[Event "*** Titled Tuesday Blitz AM"]
[Site "Chess.com"]
[Date "2020.01.07"]
[Round "3"]
[White "FairChess_on_YouTube"]
[Black "Bulldog167"]
[Result "1-0"]
[WhiteElo "3005"]
[BlackElo "2725"]
[TimeControl "180+2"]
[EndTime "9:36:50 PST"]
[Termination "FairChess_on_YouTube won by resignation"]

1. d4 e6 2. Nf3 Nf6 3. c4 Bb4+ 4. Nbd2 O-O 5. a3 Bxd2+ 6. Bxd2 b6 7. Bg5 Bb7 8. e3 h6 9. Bh4 d6 10. Bd3 Nbd7 11.
O-O Qe7 12. Qe2 e5 13. e4 a5 14. Rae1 a4 15. Bb1 Qe6 16. d5 Qe8 17. Nd2 g5 18.
Bg3 Kg7 19. h4 Ng8 20. f3 Ne7 21. Kf2 Nc5 22. Rh1 Ng6 23. Nf1 Nf4 24. Qd2 Bc8 25. Ne3 f6 26. Rh2 Bd7 27. Reh1 Qg6 28. Nf5+ Bxf5 29.
exf5 Qf7 30. hxg5 fxg5 31. Rxh6 Rh8 32. f6+ Qxf6 33. Rxf6 Rxh1 34. Bxf4 gxf4 35. Rg6+ Kf7 36. Qc2 e4 37. Rg4 Nd3+ 38. Ke2 Re1+ 39. Kd2 Rf1 40. Rxf4+ Nxf4 41. Qxe4 Rxb1 42. Qxf4+ Kg7 43. Qg5+ Kh8 1-0

[Event "*** Titled Tuesday Blitz AM"]
[Site "Chess.com"]
[Date "2020.01.07"]
[Round "3"]
[White "Anna_ChessMate"]
[Black "Olga_Zhuravleva"]
[Result "1-0"]
[WhiteElo "2589"]
[BlackElo "2308"]
[TimeControl "180+2"]
[EndTime "9:36:54 PST"]
[Termination "Anna_ChessMate won by resignation"]

1. e4 e5 2. Nf3 Nc6 3. Nc3 Nf6 4. d4 exd4 5. Nxd4 Bb4 6. Nxc6 bxc6 7. Bd3 d5 8. exd5 cxd5 9. O-O O-O 10. Qf3 c6 11. Bg5 Be7 12. h3 Be6 13. Rfe1 Rb8 14. Rab1 Re8 15.
Ne2 h6 16. Bh4 Rb4 17. Bg3 Bd6 18. c3 Rb7 19. Bh4 Be7 20. Nd4 Qc8 21. Ba6 Bd8 22. Bxb7 Qxb7 23. c4 Ne4 24. Bxd8 Rxd8 25. Nxe6 fxe6 26.
Qg4 Qf7 27. Re2 Rf8 28. f3 h5 29. Qh4 Nd6 30. cxd5 cxd5 31. Rbe1 Nf5 32. Qb4 Re8 33. a4 Qg6 34. Qf4 Kh7 35. b4 d4 36. b5 d3 37. Rd2 Ne7 38. Qe4 Nf5 39. Rxd3 Kh8 40. a5 Qg5 41. b6 axb6 42. axb6 Ng3 43. Qe3 Qb5 44. Rb3 Qa5 45. b7 Nf5 46. Qe5 Qa7+ 47. Kh2 Rb8 48. Qxe6 Nh6 49. Qe8+ Kh7 50.
Qe3 Qa4 51. Qe4+ Qxe4 52. Rxe4 1-0

[Event "*** Titled Tuesday Blitz AM"]
[Site "Chess.com"]
[Date "2020.01.07"]
[Round "3"]
[White "albi1999"]
[Black "MITerryble"]
[Result "0-1"]
[WhiteElo "2519"]
[BlackElo "2938"]
[TimeControl "180+2"]
[EndTime "9:36:56 PST"]
[Termination "MITerryble won by resignation"]

1. d4 e6 2. c4 Bb4+ 3. Bd2 Qe7 4. g3 Nc6 5. Nf3 Nf6 6. e3 d5 7. Qc2 O-O 8. Bg2 Ne4 9. O-O Nxd2 10. Nbxd2 Qd8 11.
Rfd1 Ne7 12. a3 Bxd2 13. Nxd2 c6 14. b4 b6 15. e4 Bb7 16. Rac1 Rc8 17. Qa4 a6 18.
Qb3 Qd7 19. Nf3 Ng6 20. Qb1 dxe4 21. Qxe4 c5 22. Qb1 Bxf3 23. Bxf3 cxd4 24. Qe4 Rfd8 25. Qb7 Ne5 26. Bg2 Qxb7 27. Bxb7 Rxc4 28. Bxa6 Rxc1 29. Rxc1 g5 30. Kf1 g4 31. a4 Kf8 32. a5 bxa5 33.
bxa5 Rd5 34. Ra1 Nc6 35. Be2 Nxa5 36. Bxg4 Nc4 37. Rd1 d3 38. Bf3 Rd4 39. Rb1 Nd2+ 0-1

[Event "*** Titled Tuesday Blitz AM"]
[Site "Chess.com"]
[Date "2020.01.07"]
[Round "3"]
[White "Pilopa"]
[Black "enkhtuul"]
[Result "1-0"]
[WhiteElo "2559"]
[BlackElo "2338"]
[TimeControl "180+2"]
[EndTime "9:36:58 PST"]
[Termination "Pilopa won by resignation"]

1. d4 c5 2. d5 Nf6 3. c4 g6 4. Nc3 Bg7 5. e4 d6 6. Nf3 O-O 7. h3 b5 8. cxb5 a6 9. a4 axb5 10. Bxb5 Ba6 11. Be3 Bxb5 12. axb5 Nbd7 13. O-O Nb6 14. Ra6 Nc4 15. Qe2 Nxe3 16. fxe3 Nd7 17. Rfa1 Rb8 18. Nd2 Ne5 19. Nc4 Nxc4 20. Qxc4 Bh6 21.
Qd3 Bg7 22. Ra7 f5 23. Rf1 Bxc3 24. bxc3 fxe4 25. Rxf8+ Qxf8 26. Qxe4 Rxb5 27. Rxe7 Rb1+ 28. Kh2 Qf1 29. Qe6+ Kf8 30. Qd7 Qg1+ 31. Kg3 Qe1+ 32.
Kg4 h5+ 33. Kg5 Qg3+ 34. Kh6 Qxe3+ 35. Rxe3 1-0

[Event "*** Titled Tuesday Blitz AM"]
[Site "Chess.com"]
[Date "2020.01.07"]
[Round "3"]
[White "crescentmoon2411"]
[Black "RaunakSadhwani2005"]
[Result "1/2-1/2"]
[WhiteElo "2984"]
[BlackElo "2767"]
[TimeControl "180+2"]
[EndTime "9:36:59 PST"]
[Termination "Game drawn by agreement"]

1. e4 c5 2. Nf3 d6 3. Bb5+ Nc6 4. O-O Bd7 5. Re1 Nf6 6. c3 a6 7. Ba4 c4 8. Qe2 b5 9. Bc2 Bg4 10. h3 Bh5 11. Qe3 e6 12. b3 cxb3 13. axb3 Be7 14.
d4 O-O 15. Nbd2 Qc7 16. Bb2 Bg6 17. Rec1 Rfc8 18. Nh4 Qa7 19. Nxg6 hxg6 20. Bd3 Qb6 21. Nf1 b4 22. c4 e5 23. c5 dxc5 24. dxe5 Nd7 25.
f4 c4 26. Qxb6 Nxb6 27. Bxc4 Bc5+ 28. Kh2 Bd4 29. Bxd4 Nxd4 30. Ne3 Nxc4 31. Rxc4 Rxc4 32. Nxc4 Nxb3 33. Rb1 Nc5 34. Rxb4 Nxe4 35. Nb6 Rb8 36. Rxe4 Rxb6 37. Ra4 Kf8 38. g4 Ke7 39. Kg3 Ke6 40.
Kh4 f6 41. exf6 gxf6 42. Ra5 Kf7 43. Kg3 Rb3+ 44. Kg2 Rb2+ 45. Kf3 Rb3+ 46. Kf2 1/2-1/2

[Event "*** Titled Tuesday Blitz AM"]
[Site "Chess.com"]
[Date "2020.01.07"]
[Round "3"]
[White "Mikhail_Golubev"]
[Black "Endgamegenius"]
[Result "0-1"]
[WhiteElo "2569"]
[BlackElo "2327"]
[TimeControl "180+2"]
[EndTime "9:36:59 PST"]
[Termination "Endgamegenius won by resignation"]

1. e4 c5 2. Nf3 d6 3. d4 cxd4 4.
Nxd4 Nf6 5. Nc3 a6 6. Bc4 e6 7. Bb3 Be7 8. f4 b5 9. e5 dxe5 10.
fxe5 Nfd7 11. Bxe6 Nxe5 12. Bxc8 Qxc8 13. Nd5 Nbc6 14. Nb6 Qb7 15. Nxc6 Qxc6 16. Nxa8 Qxg2 17. Nc7+ Kf8 18. Qd5 Nf3+ 19. Kd1 Qxh1+ 20. Ke2 Qg2+ 21. Ke3 Bg5+ 22. Kd3 Ne1+ 23. Kc3 Qxc2+ 24. Kb4 Be7+ 25.
Ka5 Qxc7+ 26. Kxa6 Qc8+ 27. Kxb5 Qb8+ 28. Ka6 Nc2 29.
Bd2 Nxa1 30. b4 Nc2 31. b5 h5 32.
b6 Nb4+ 33. Bxb4 Bxb4 34. Qc4 Qa8+ 35. Kb5 Be7 36. Qc6 Qxc6+ 37. Kxc6 Rh6+ 0-1

[Event "*** Titled Tuesday Blitz AM"]
[Site "Chess.com"]
[Date "2020.01.07"]
[Round "3"]
[White "Er_is_geen_hoop_meer"]
[Black "Malev212"]
[Result "1/2-1/2"]
[WhiteElo "2365"]
[BlackElo "2604"]
[TimeControl "180+2"]
[EndTime "9:37:01 PST"]
[Termination "Game drawn by repetition"]

1. b4 Nf6 2. Bb2 g6 3. a4 Bg7 4. c4 O-O 5. b5 d6 6. Nf3 e5 7.
g3 Nbd7 8. Bg2 e4 9. Nd4 Re8 10. O-O Nc5 11. Nc3 h5 12. h3 a5 13. Nb3 Nfd7 14. Qc2 Nxb3 15. Qxb3 Nc5 16. Qc2 Bf5 17. Nd5 c6 18. Ne3 Bxb2 19. Qxb2 Be6 20. Qc3 h4 21. g4 Qg5 22. Ra3 cxb5 23. axb5 b6 24. d4 exd3 25. exd3 Rac8 26. f4 Qh6 27. g5 Qg7 28. d4 Nd7 29.
Kh2 Re7 30. Bc6 Nb8 31. Bd5 Rce8 32. Rf2 Nd7 33. Raa2 Bxd5 34. Nxd5 Re4 35. Rad2 Qh8 36. f5 Qh5 37. fxg6 fxg6 38. Nf4 Qxg5 39. Nxg6 Re3 40.
Rg2 Qxg2+ 41. Rxg2 Rxc3 42. Ne5+ Kh7 43. Nxd7 Ree3 44.
Nf6+ Kh6 45. Ng8+ Kh7 46. Nf6+ Kh6 47. Ng4+ Kh5 48. Nf6+ Kh6 1/2-1/2

[Event "*** Titled Tuesday Blitz AM"]
[Site "Chess.com"]
[Date "2020.01.07"]
[Round "3"]
[White "Rakesh"]
[Black "narutosmith"]
[Result "1-0"]
[WhiteElo "2422"]
[BlackElo "2245"]
[TimeControl "180+2"]
[EndTime "9:37:01 PST"]
[Termination "Rakesh won on time"]

1. e4 c5 2. c3 Nf6 3. e5 Nd5 4. d4 cxd4 5. Nf3 e6 6. cxd4 b6 7.
Bc4 Bb7 8. Bxd5 Bxd5 9. Nc3 Bb7 10. d5 Bb4 11. d6 Bxc3+ 12. bxc3 Ba6 13. Nd4 Qc8 14. Qf3 O-O 15. h4 f6 16. exf6 Rxf6 17.
Qg3 Qc4 18. Bg5 Rf7 19. Qe3 Nc6 20. Nxc6 Qxc6 21. f3 Rc8 22. Rc1 Qxd6 23. Kf2 Qa3 24. Rhd1 Qxa2+ 25. Kg1 Qc4 26. Rd4 Qc5 27. Ra1 e5 28.
Re4 Qxe3+ 29. Rxe3 Bb7 30. Rxa7 Bc6 31. Rxe5 Rcf8 32.
c4 h6 33. Be3 d6 34. Rxf7 Kxf7 35. Rf5+ Ke7 36. Rh5 Rb8 37. Bd4 1-0

[Event "*** Titled Tuesday Blitz AM"]
[Site "Chess.com"]
[Date "2020.01.07"]
[Round "3"]
[White "TST2014"]
[Black "Blagorod"]
[Result "1-0"]
[WhiteElo "2545"]
[BlackElo "2119"]
[TimeControl "180+2"]
[EndTime "9:37:02 PST"]
[Termination "TST2014 won by resignation"]

1. d4 d5 2. c4 Nc6 3. cxd5 Qxd5 4.
e3 e5 5. Nc3 Bb4 6. a3 Bxc3+ 7.
bxc3 Qd6 8. a4 Nge7 9. Ba3 Qe6 10. Nf3 e4 11. Nd2 O-O 12. Qc2 Re8 13. Qxe4 Qxe4 14. Nxe4 Nd5 15. Bc4 Nb6 16. Bd3 Nxa4 17. Kd2 Nb6 18.
h4 Be6 19. Ng5 Nc4+ 20. Ke2 Nxa3 21. Nxe6 Rxe6 22. d5 Rd6 23. dxc6 bxc6 24. Rxa3 Rad8 25. Rd1 c5 26. Bc2 Rxd1 27. Bxd1 Ra8 28. Ra6 g6 29. Bb3 Kf8 30. Bd5 Rd8 31. c4 f5 32. Rxa7 Rd7 33. Bc6 Re7 34. Kf3 Kg7 35. Ra8 h6 36. Rd8 Kf6 37. Rd5 Re6 38. Rxc5 g5 39. hxg5+ hxg5 40. Bd5 Re7 41. g4 fxg4+ 42. Kxg4 1-0

[Event "*** Titled Tuesday Blitz AM"]
[Site "Chess.com"]
[Date "2020.01.07"]
[Round "3"]
[White "aa175"]
[Black "arminmusovic"]
[Result "1-0"]
[WhiteElo "2233"]
[BlackElo "2502"]
[TimeControl "180+2"]
[EndTime "9:37:02 PST"]
[Termination "aa175 won by checkmate"]

1. d4 d5 2. Nf3 Nf6 3. Bf4 c5 4. e3 Nc6 5. Nbd2 a6 6. c3 Bg4 7. Qb3 Na5 8. Qc2 Rc8 9. dxc5 e6 10. Ne5 Nc6 11. Nxg4 Nxg4 12. Qa4 Bxc5 13. Bd3 Nf6 14. e4 O-O 15. O-O Bd6 16. Bxd6 Qxd6 17. Rad1 Ne5 18.
Bb1 b5 19. Qd4 Ng6 20. Nf3 Qf4 21. exd5 Qxd4 22. Rxd4 Nxd5 23. a4 Rb8 24. axb5 axb5 25. Bxg6 hxg6 26. Ne5 Rfc8 27. Ra1 b4 28. c4 Ra8 29. Rxa8 Rxa8 30. g3 Nf6 31. Nc6 Ra1+ 32. Kg2 Rb1 33. Nxb4 Rxb2 34. Nc6 Rc2 35. Ne7+ Kh7 36.
Rh4+ Nh5 37. Rd4 g5 38. h4 e5 39. Re4 Nf6 40. Rxe5 gxh4 41. c5 h3+ 42. Kxh3 Rxf2 43.
c6 Rc2 44. Rb5 Ne4 45. Rh5# 1-0

[Event "*** Titled Tuesday Blitz AM"]
[Site "Chess.com"]
[Date "2020.01.07"]
[Round "3"]
[White "XxPetroffsxX"]
[Black "ShahMatKanal"]
[Result "1-0"]
[WhiteElo "1986"]
[BlackElo "2510"]
[TimeControl "180+2"]
[EndTime "9:37:04 PST"]
[Termination "XxPetroffsxX won by checkmate"]

1. d4 d6 2. e4 g6 3. Nc3 Bg7 4. Nge2 Nf6 5. h3 O-O 6. g4 c5 7. dxc5 Qa5 8. Bg2 Qxc5 9. O-O a6 10. Be3 Qc7 11. g5 Nfd7 12. Nd5 Qd8 13. Bd4 e5 14. Be3 Nc6 15. c3 Nc5 16. b4 Ne6 17. Qd2 f6 18.
gxf6 Bxf6 19. Nxf6+ Qxf6 20. f4 Qe7 21. f5 Nc7 22.
Bh6 Rf7 23. fxg6 hxg6 24. Rxf7 Qxf7 25. Rf1 Qe7 26. Bg5 Qe6 27. Rf6 Qe8 28. Qxd6 Ne6 29.
h4 Bd7 30. Bh3 Nf8 31. Bxd7 Nxd7 32. Rxg6+ Kh7 33. Rh6+ Kg7 34. Ng3 Qf7 35. Nf5+ Kg8 36. Rg6+ Kh8 37. Rg7 Qh5 38. Bf6 Nxf6 39. Qxf6 Qd1+ 40.
Kh2 Qe2+ 41. Rg2+ Kh7 42. Qg7# 1-0

[Event "*** Titled Tuesday Blitz AM"]
[Site "Chess.com"]
[Date "2020.01.07"]
[Round "3"]
[White "Kriari"]
[Black "AwareIdea"]
[Result "1-0"]
[WhiteElo "2914"]
[BlackElo "2516"]
[TimeControl "180+2"]
[EndTime "9:37:06 PST"]
[Termination "Kriari won by resignation"]

1. e4 e5 2. Nf3 Nc6 3. Nc3 Nf6 4. Bb5 Bd6 5. d3 O-O 6. a3 a6 7. Bc4 b5 8. Ba2 Re8 9. g4 Rf8 10. Rg1 Nd4 11. g5 Ne8 12. g6 hxg6 13. Rxg6 Ne6 14. Bg5 Be7 15. Bxe7 Qxe7 16. Nd5 Qd6 17. Rg3 Bb7 18.
Nh4 Bxd5 19. Nf5 Qc5 20. d4 exd4 21. b4 Bxe4 22. Nh6+ Kh7 23. bxc5 gxh6 24. Qh5 Bg6 25. Qe5 d6 26. cxd6 cxd6 27. Qd5 Rc8 28. Rxg6 Kxg6 29. Qe4+ Kf6 30. Qh4+ Kg6 31. Kd2 N8g7 32. Rg1+ Kh7 33. Bd5 Rc7 34. Qf6 Rfc8 35. Be4+ Kg8 36. Qxh6 Kf8 37. Rxg7 Nxg7 38. Qh8+ Ke7 39. Qxg7 Rc3 40. h4 R8c5 41. Bg6 Kd7 42. Qxf7+ Kc6 43. h5 Rxa3 44. h6 Ra1 45. h7 Rh1 46. Be4+ 1-0

[Event "*** Titled Tuesday Blitz AM"]
[Site "Chess.com"]
[Date "2020.01.07"]
[Round "3"]
[White "Sethu0025"]
[Black "Snegokhod"]
[Result "1-0"]
[WhiteElo "2812"]
[BlackElo "2580"]
[TimeControl "180+2"]
[EndTime "9:37:08 PST"]
[Termination "Sethu0025 won by resignation"]

1. e4 e5 2. Nf3 Nc6 3. Bb5 a6 4. Ba4 Nge7 5. c3 g6 6. d4 exd4 7. cxd4 b5 8. Bb3 Bg7 9. d5 Na5 10. Bd2 Nxb3 11. Qxb3 O-O 12. Bc3 d6 13. Bxg7 Kxg7 14.
Nc3 c5 15. O-O Bg4 16. Nd2 Qc7 17. h3 Bd7 18. Rfe1 Rfe8 19. Nf3 f6 20. Ne2 Ng8 21. Nf4 Nh6 22. Qc3 Nf7 23. Nd4 Nd8 24. b4 Rc8 25.
Rac1 Qb6 26. bxc5 Rxc5 27. Qd3 Kf7 28. h4 Nb7 29. Rcd1 Rc4 30. h5 Nc5 31. hxg6+ hxg6 32. Qf3 Na4 33. Nde6 Bxe6 34. dxe6+ Rxe6 35. Nxe6 Kxe6 36. Qg4+ Kf7 37. Qd7+ Kf8 38. Rxd6 1-0

[Event "*** Titled Tuesday Blitz AM"]
[Site "Chess.com"]
[Date "2020.01.07"]
[Round "3"]
[White "gmasterkiller"]
[Black "Indianlad"]
[Result "0-1"]
[WhiteElo "2614"]
[BlackElo "2935"]
[TimeControl "180+2"]
[EndTime "9:37:08 PST"]
[Termination "Indianlad won by checkmate"]

1. e4 c6 2. d4 d5 3. Nc3 dxe4 4. Nxe4 h6 5. Nf3 Bf5 6. Ng3 Bh7 7. Bd3 Bxd3 8. Qxd3 Nf6 9. Bd2 e6 10. O-O-O Be7 11.
Ne4 Nxe4 12. Qxe4 Qd5 13. Qxd5 cxd5 14. Ne5 Nc6 15. Bf4 Nxe5 16. Bxe5 f6 17. Bg3 Kd7 18.
Rhe1 Rac8 19. Re3 Rc6 20. Rde1 Rhc8 21. R1e2 b5 22. f4 f5 23. a3 a5 24. Kb1 Bf6 25. Rd2 Rc4 26. Red3 g5 27. b3 Rc3 28. Kb2 b4 29. axb4 axb4 30. fxg5 hxg5 31. Be1 f4 32. h3 Ke8 33. Kb1 R3c6 34. Re2 Be7 35. g3 Ra8 36. Kc1 Ra1+ 37. Kd2 f3 38. Rxf3 g4 39. hxg4 Bg5+ 40. Rf4 Kd7 41. Kd3 Rd1+ 42. Bd2 Rc3# 0-1

[Event "*** Titled Tuesday Blitz AM"]
[Site "Chess.com"]
[Date "2020.01.07"]
[Round "3"]
[White "boo786"]
[Black "kleinebeer98"]
[Result "0-1"]
[WhiteElo "2421"]
[BlackElo "2677"]
[TimeControl "180+2"]
[EndTime "9:37:09 PST"]
[Termination "kleinebeer98 won by resignation"]

1. Nf3 Nf6 2. c4 c5 3. Nc3 Nc6 4. d4 cxd4 5. Nxd4 e6 6. e4 Qc7 7. Be2 a6 8. O-O h5 9. Bg5 Ng4 10. Nf3 Bc5 11. Qd2 Nd4 12. Bf4 Nxe2+ 13. Nxe2 e5 14.
Bg3 d6 15. h3 Nf6 16. Nc3 Be6 17. b3 O-O-O 18. Bh4 Kb8 19. Rac1 Qc6 20. Rfe1 Rhg8 21.
Nd5 Bxd5 22. cxd5 Qb6 23. Ng5 Rd7 24. Rc4 Rc8 25. Rec1 Rdc7 26. Qd3 a5 27. Nf3 Ka7 28.
R1c2 Nd7 29. Nd2 f6 30. R4c3 g5 31. Nc4 Qa6 32. Bg3 h4 33. Bh2 Bb4 34. a4 Nc5 35. Qe3 Bxc3 36. Rxc3 Kb8 37. Na3 Nxb3 38. Rxc7 Rxc7 39.
Kh1 Rc1+ 40. Bg1 Qf1 41. f3 Nd4 42. Nb5 Nxb5 43. axb5 Qxg1+ 44. Qxg1 Rxg1+ 45. Kxg1 a4 0-1

[Event "*** Titled Tuesday Blitz AM"]
[Site "Chess.com"]
[Date "2020.01.07"]
[Round "3"]
[White "platy3"]
[Black "AdrianPetrisor1992"]
[Result "1-0"]
[WhiteElo "2890"]
[BlackElo "2611"]
[TimeControl "180+2"]
[EndTime "9:37:10 PST"]
[Termination "platy3 won by resignation"]

1. e4 e5 2. Nf3 Nc6 3. Bc4 Bc5 4. c3 Nf6 5. d3 O-O 6. O-O d6 7. Nbd2 a5 8. h3 Be6 9. Bb5 Na7 10. Ba4 b5 11. Bc2 Nc6 12. a4 b4 13. Nb3 Bb6 14. Re1 d5 15. Bg5 h6 16. Bh4 g5 17. Bg3 Nh5 18. Nxe5 Nxg3 19. Nxc6 Qf6 20. Nbd4 Bd7 21. exd5 Bxc6 22. dxc6 Bxd4 23. cxd4 Qxd4 24. Rb1 Rfe8 25. Qg4 Qxb2 26. Qxg3 Qxc2 27. Rec1 Qxa4 28. Qxc7 Rac8 29. Qd7 b3 30. Qd5 Re6 31. c7 Qe8 32. Rxb3 Qe7 33.
Rb8 Re1+ 34. Rxe1 Qxe1+ 35. Kh2 Qe8 36. Rxc8 Qxc8 37. Qd8+ 1-0

[Event "*** Titled Tuesday Blitz AM"]
[Site "Chess.com"]
[Date "2020.01.07"]
[Round "3"]
[White "Quiet_Desperation"]
[Black "Mikasinski"]
[Result "0-1"]
[WhiteElo "2424"]
[BlackElo "2307"]
[TimeControl "180+2"]
[EndTime "9:37:11 PST"]
[Termination "Mikasinski won by resignation"]

1. e4 e6 2. d4 d5 3. Nc3 Bb4 4. e5 Ne7 5. Bd2 c5 6. dxc5 Bxc5 7. Nf3 Nbc6 8. Bd3 a6 9. O-O Ng6 10. Qe2 Nb4 11. a3 Nxd3 12. cxd3 d4 13. Ne4 Be7 14. Rfe1 Qd5 15. Ng3 O-O 16. Rac1 Rd8 17. Rc4 Bc5 18. Ng5 b5 19. Rcc1 h6 20. N5e4 Be7 21. Bxh6 gxh6 22. Qh5 Qxe5 23. Qxh6 Qg7 24. Qd2 f5 25. Nh5 Qh8 26. Nf4 Nxf4 27. Qxf4 fxe4 28. Rc7 Qf6 29. Qg4+ Kf8 30. Rxe4 e5 31. Qh5 Bf5 32. Re1 Rdc8 33. Rcc1 Rxc1 34. Rxc1 Rc8 35. Rxc8+ 0-1

[Event "*** Titled Tuesday Blitz AM"]
[Site "Chess.com"]
[Date "2020.01.07"]
[Round "3"]
[White "sergeikim"]
[Black "PaulfromSPb"]
[Result "1-0"]
[WhiteElo "2447"]
[BlackElo "2670"]
[TimeControl "180+2"]
[EndTime "9:37:17 PST"]
[Termination "sergeikim won on time"]

1. d4 Nf6 2. c4 e6 3. Nc3 Bb4 4. Qc2 O-O 5. a3 Bxc3+ 6. Qxc3 b6 7. Nf3 Bb7 8. g3 c5 9. dxc5 bxc5 10. Bg2 d5 11.
cxd5 Nxd5 12. Qxc5 Nd7 13. Qd4 Qa5+ 14. b4 Qb5 15.
Bb2 f6 16. O-O Qxe2 17. Rfe1 Qa6 18. b5 Qxb5 19. Rxe6 N7b6 20. a4 Qd7 21. Bh3 f5 22.
Rd6 Qe7 23. Re1 Qc7 24. a5 Rf7 25. Ng5 Qxd6 26. Nxf7 Qg6 27. Ne5 Qh5 28. Bg2 Rd8 29. axb6 axb6 30. Nc6 Rd7 31. Ne7+ Rxe7 32. Rxe7 Qd1+ 33.
Qxd1 Nxe7 34. Bxb7 1-0

[Event "*** Titled Tuesday Blitz AM"]
[Site "Chess.com"]
[Date "2020.01.07"]
[Round "3"]
[White "NZT72"]
[Black "zurzan"]
[Result "1-0"]
[WhiteElo "2524"]
[BlackElo "1964"]
[TimeControl "180+2"]
[EndTime "9:37:17 PST"]
[Termination "NZT72 won by resignation"]

1. c4 f5 2. g3 Nf6 3. Bg2 g6 4. Nc3 Bg7 5. d3 O-O 6. e4 d6 7. Nge2 e5 8. O-O c6 9. h3 Nh5 10. f4 exf4 11. gxf4 fxe4 12. dxe4 Qh4 13. Qe1 Qxe1 14.
Rxe1 Be6 15. b3 Na6 16. Rf1 Nb4 17. Rb1 Rad8 18. Be3 Nc2 19. Bxa7 Ra8 20. Bf2 Nb4 21. a4 Nd3 22. Be3 Ng3 23. Nxg3 Bxc3 24. Rbd1 Nc5 25. Rxd6 Bf7 26. Bxc5 Rad8 27. e5 Rxd6 28. Bxd6 Re8 29. Ne4 Bd4+ 30. Kh1 Ra8 31. Rd1 Be3 32. Rf1 b5 33.
cxb5 cxb5 34. Nf6+ Kg7 35. Bxa8 1-0

[Event "*** Titled Tuesday Blitz AM"]
[Site "Chess.com"]
[Date "2020.01.07"]
[Round "3"]
[White "senecacrane"]
[Black "Supernotar"]
[Result "0-1"]
[WhiteElo "2325"]
[BlackElo "2590"]
[TimeControl "180+2"]
[EndTime "9:37:18 PST"]
[Termination "Supernotar won by checkmate"]

1. Nf3 c5 2. e3 d5 3. d4 cxd4 4. exd4 Nc6 5. c4 Nf6 6. Nc3 e6 7. Bg5 Be7 8. Be2 O-O 9. O-O dxc4 10. Bxc4 Nd5 11. Bxd5 exd5 12. Bf4 Bg4 13. Be5 Qd7 14. Re1 Rfe8 15. Qd3 Bf5 16. Qb5 Rad8 17. Rac1 f6 18. Bg3 Bg4 19. Qd3 Bxf3 20. gxf3 Bb4 21. Re3 Bxc3 22.
bxc3 Na5 23. Rce1 Nc4 24. R3e2 g6 25. Bh4 Kf7 26. Bg3 Rxe2 27. Qxe2 Re8 28. Qd1 Rxe1+ 29. Qxe1 Qe6 30. Qb1 b6 31. Qb5 Nd2 32. Kg2 Nxf3 33.
Qa6 g5 34. Qxa7+ Kg6 35. Qa8 h5 36. Qh8 h4 37. Bc7 Qg4+ 38. Kf1 Qg1+ 39. Ke2 Qe1+ 40. Kxf3 Qe4# 0-1

[Event "*** Titled Tuesday Blitz AM"]
[Site "Chess.com"]
[Date "2020.01.07"]
[Round "3"]
[White "Witik"]
[Black "Annawel"]
[Result "0-1"]
[WhiteElo "2670"]
[BlackElo "2997"]
[TimeControl "180+2"]
[EndTime "9:37:19 PST"]
[Termination "Annawel won by resignation"]

1. d4 f5 2. g3 Nf6 3. Bg2 g6 4. c3 Bg7 5. Qb3 e6 6. Nd2 O-O 7. Nh3 Nc6 8. Nf4 Qe7 9. h4 Qf7 10. h5 g5 11. h6 Bh8 12. Nh3 Qg6 13. Nf3 g4 14. Nh4 gxh3 15. Nxg6 hxg2 16. Rg1 hxg6 17. Rxg2 Kh7 18. Bf4 d6 19. O-O-O b6 20. f3 Bd7 21.
Qc2 Rae8 22. Bg5 Ng8 23. g4 f4 24. d5 exd5 25. Rxd5 Be6 26. Rd2 Be5 27. Qa4 Bd7 28.
Qc4 Nge7 29. Rg1 a5 30. Re1 Ng8 31. e3 Bf6 32. Bxf4 Re7 33. g5 Bh8 34. Rf1 Be8 35. Qd3 Be5 36. Bxe5 Nxe5 37. Qe2 Bf7 38. b3 Be6 39. f4 Nd7 40. e4 Ref7 41. f5 gxf5 42. Qh5 Ne7 43. g6+ Nxg6 44. Rg2 Nde5 45. Rfg1 Nd3+ 46. Kb1 Ndf4 47. Qg5 fxe4 48. Rf2 Rf5 49. Qg3 R8f6 50. Ka1 d5 51. Qe3 c5 52. Rh2 Nd3 53.
a4 Rf3 54. Qg5 Nde5 55. Ka2 d4 56. c4 e3 57. Ka3 d3 0-1

[Event "*** Titled Tuesday Blitz AM"]
[Site "Chess.com"]
[Date "2020.01.07"]
[Round "3"]
[White "rasmussvane"]
[Black "NewBornNow"]
[Result "1-0"]
[WhiteElo "2860"]
[BlackElo "2696"]
[TimeControl "180+2"]
[EndTime "9:37:22 PST"]
[Termination "rasmussvane won by resignation"]

1. Nf3 d6 2. d4 Nf6 3. g3 g6 4. Bg2 Bg7 5. O-O O-O 6. a4 a5 7. Re1 Nbd7 8. e4 e5 9. Nc3 c6 10. b3 exd4 11. Nxd4 Nc5 12. Bf4 Re8 13. Qd2 Ng4 14.
Rad1 Ne5 15. f3 Bd7 16. Nde2 Qb6 17. Be3 Rad8 18. Kh1 Bc8 19. Bd4 Qc7 20. h3 Bxh3 21. Bxh3 Nxf3 22. Qf4 Nxe1 23. Rxe1 Ne6 24. Bxe6 Rxe6 25.
Bxg7 Kxg7 26. Nd4 Rf6 27. Qe3 Re8 28. Kg2 d5 29. e5 Rfe6 30. Nxe6+ Rxe6 31. Qd4 Kg8 32. Re3 Qe7 33. Ne2 Qg5 34. Qf4 Qd8 35. Nd4 Re8 36.
e6 f5 37. Qe5 Qe7 38. c3 Qg7 39. Qd6 Qe7 40. Qe5 Qg7 41. Qf4 Qf6 42. b4 axb4 43.
cxb4 Kg7 44. a5 Re7 45. Re2 Kg8 46. a6 bxa6 47. Qe5 Qxe5 48. Rxe5 Kg7 49. Nxc6 Re8 50. e7 Kf7 51. Rxd5 Rc8 52. Rd8 1-0